 Dungeon Crawl Stone Soup version 0.26-a0-850-g97a50ab700 (webtiles) character file.

Game seed: 13726411894520243736

242 jestyr24 the Firebug (level 6, -5/48 HPs)
             Began as a Hill Orc Fire Elementalist on Nov 20, 2020.
             Was an Initiate of Gozag.
             Killed by divine providence
             ... invoked by an orc priest
              (13 damage)
             ... on level 4 of the Dungeon.
             The game lasted 00:26:02 (3383 turns).

jestyr24 the Firebug (Hill Orc Fire Elementalist)   Turns: 3383, Time: 00:26:03

Health: -5/48      AC:  7    Str: 11    XL:     6   Next: 9%
Magic:  4/10       EV: 11    Int: 17    God:    Gozag
Gold:   291        SH:  0    Dex: 11    Spells: 9/10 levels left

rFire    + . .     SeeInvis .   b - +0 spear
rCold    + . .     Faith    .   (no shield)
rNeg     . . .     Spirit   .   s - +1 leather armour {rC+}
rPois    .         Reflect  .   (no helmet)
rElec    .         Harm     .   u - +0 cloak
rCorr    .         Rampage  .   (no gloves)
MR       +....                  y - +1 pair of boots
Stlth    +.........             j - amulet of regeneration
HPRegen  0.56/turn              o - ring of protection from fire
MPRegen  0.12/turn              x - ring of protection from magic

@: lethally poisoned (-5 -> -6)
A: no striking features
a: Potion Petition, Call Merchant, Bribe Branch, Renounce Religion, Convert to
Beogh


You were on level 4 of the Dungeon.
You worshipped Gozag.
Gozag was aware of your devotion.
You visited 1 branch of the dungeon, and saw 4 of its levels.

You collected 348 gold pieces.
You paid 57 gold pieces to Gozag.

Inventory:

Hand Weapons
 b - a +0 spear (weapon)
 h - a +0 short sword
 p - a +0 hunting sling
 t - a +0 dagger
Missiles
 f - 136 stones (quivered)
 m - a throwing net
 q - 37 sling bullets
Armour
 a - a +0 robe
 s - a +1 leather armour of cold resistance (worn)
 u - a +0 cloak (worn)
 y - a +1 pair of boots (worn)
Jewellery
 j - an amulet of regeneration (around neck)
 o - a ring of protection from fire (left hand)
 x - a ring of protection from magic (right hand)
Wands
 r - a wand of iceblast (8)
Scrolls
 c - a scroll of magic mapping {unknown}
 d - 2 scrolls of fog {unknown}
 g - 3 scrolls of identify {unknown}
 i - 2 scrolls of immolation {unknown}
 l - 2 scrolls of amnesia
 n - 2 scrolls of teleportation {unknown}
 v - a scroll of noise {unknown}
 w - a scroll of blinking {unknown}
 B - a scroll of remove curse {unknown}
Potions
 e - a potion of berserk rage {unknown}
 k - 5 potions of curing {unknown}
 z - 2 potions of degeneration {unknown}
 A - a potion of magic {unknown}


   Skills:
 * Level 2.1 Fighting
 * Level 2.2 Armour
 - Level 1.5 Dodging
 - Level 1.5 Stealth
 + Level 2.8 Spellcasting
 - Level 1.8 Conjurations
 + Level 4.9 Fire Magic


You had 9 spell levels left.
You knew the following spells:

 Your Spells              Type           Power        Failure   Level
a - Foxfire               Conj/Fire      ##..         6%          1

Your spell library contained the following spells:

 Spells                   Type           Power        Failure   Level
 Conjure Flame            Conj/Fire      ##......     17%         3
 Inner Flame              Hex/Fire       ##......     26%         3
 Sticky Flame             Conj/Fire      ##......     50%         4
 Confusing Touch          Hex            #.......     56%         3
 Gell's Gravitas          Tloc           #.........   56%         3
 Fireball                 Conj/Fire      ##........   85%         5
 Petrify                  Tmut/Erth      #.......     93%         4
 Metabolic Englaciation   Hex/Ice        #.........   100%        5
 Yara's Violent Unravell  Hex/Tmut       #.........   100%        5


Dungeon Overview and Level Annotations

Branches:
Dungeon (4/15)
 Temple: D:4-7

Altars:
Fedhas
Gozag
Xom
Zin


Message History

The worker ant barely misses you.
You feel sick.
You feel sick.
The orc priest looks encouraged for a moment.
Casting: Foxfire (safe; 6% risk of failure)
Confirm with . or Enter, or press ? or * to list all spells.
You conjure some foxfire!
The worker ant bites you.
* * * LOW HITPOINT WARNING * * *
You barely miss the worker ant.
The worker ant is moderately wounded.
You feel sick.
The foxfire hits the worker ant but does no damage.
The worker ant is moderately wounded.
The foxfire hits the worker ant but does no damage.
The worker ant is moderately wounded.
The worker ant barely misses you.
The orc priest mumbles some strange prayers to Beogh against you.
Beogh smites you!
You die...
Your body crumbles into a pile of gold.

.................#
.................# #####
.................# #...#
.................# #..)#
.................# #...#
.................# #...#
.................# #...######
...............§.#####...#....###
...............§@Bo..oo..'.......
.................###o#...#.......
.................# #.#...#.....##
.................# #.#...#..(....
.................# #.#...#.......
.................# #.#...#####(..
.................# #.##### ...
.................# #.# ..
.................# #.# .


You could see a worker ant, 2 orc priests and 2 orcs.

Vanquished Creatures
  A hound (D:4)
  An orc priest (D:4)
  Jessica (D:2)
  Ijyb (D:3)
  A worker ant (D:4)
  3 adders
  4 oozes
  A worm (D:3)
  2 dart slugs (D:1)
  2 leopard geckos
  3 orcs
  6 bats
  9 goblins
  4 hobgoblins
  A quokka (D:3)
  A ball python (D:2)
  5 frilled lizards
  A jackal skeleton (D:4)
  5 kobolds
  7 rats
59 creatures vanquished.

Vanquished Creatures (others)
  144 foxfires
144 creatures vanquished.

Grand Total: 203 creatures vanquished

Notes
Turn   | Place    | Note
-------+----------+-------------------------------------------
     0 | D:1      | jestyr24 the Hill Orc Fire Elementalist began the quest for
                  | the Orb.
     0 | D:1      | Reached XP level 1. HP: 14/14 MP: 3/3
    66 | D:1      | Reached XP level 2. HP: 13/20 MP: 1/4
   292 | D:1      | Reached skill level 4 in Fire Magic
   395 | D:1      | Reached XP level 3. HP: 26/26 MP: 3/5
  1556 | D:2      | Noticed Jessica
  1560 | D:2      | Killed Jessica
  1561 | D:2      | Reached skill level 1 in Armour
  1561 | D:2      | Reached XP level 4. HP: 34/34 MP: 4/7
  1624 | D:2      | Found a faded altar of an unknown god.
  2254 | D:3      | Noticed Ijyb
  2269 | D:3      | Killed Ijyb
  2270 | D:3      | Reached skill level 1 in Fighting
  2270 | D:3      | Reached XP level 5. HP: 34/40 MP: 1/8
  2339 | D:3      | Found a glowing silver altar of Zin.
  2339 | D:3      | Found an opulent altar of Gozag.
  2341 | D:3      | Found a blossoming altar of Fedhas.
  2341 | D:3      | Found a shimmering altar of Xom.
  2353 | D:3      | Became a worshipper of Gozag Ym Sagoz the Greedy
  3162 | D:4      | Reached XP level 6. HP: 43/48 MP: 6/10
  3383 | D:4      | Killed from afar by an orc priest

Illustrated notes

Levels and vault maps discovered:
D:1:      dpeg_arrival_court, layout_basic, grunt_decor_fettered
D:2:      layout_loops_corners, chequers_ecumenical_altar_twisty, uniq_jessica
D:3:      layout_rooms, chequers_temple_overflow_statue_of_worship,
          minmay_misc_feat_more_columns, grunt_ministairs_13, uniq_ijyb
D:4:      layout_basic, chequers_serial_rivers_micro_c

Skill      XL: |  1  2  3  4  5 |
---------------+----------------+-----
Fire Magic     | 4 |  4.9
Spellcasting   | 2 |  2.8
Armour         | 1 2 |  2.2
Fighting       | 1 2 |  2.1
Dodging        | |  1.5
Stealth        | |  1.5
Conjurations   | |  1.8

Action                   |  1- 3 |  4- 6 || total
-------------------------+-------+-------++-------
Melee: Spear             |    70 |    55 ||   125
Throw: Stone             |       |     2 ||     2
 Cast: Foxfire           |    26 |    54 ||    80
  Use: Scroll            |       |     1 ||     1
 Stab: Sleeping          |       |     1 ||     1
Armor: Robe              |    17 |    10 ||    27
       Leather armour    |       |     9 ||     9
Dodge: Dodged            |    49 |    44 ||    93

Table legend: (Time is in decaauts)
 A = Elapsed time spent in this place.
 B = Non-inter-level travel time spent in this place.
 C = Inter-level travel time spent in this place.
 D = Time resting spent in this place.
 E = Time spent auto-exploring this place.
 F = Levels seen in this place.
 G = Mean time per level.
                   A        B        C        D        E       F      G
               +--------+--------+--------+--------+--------+-----+--------+
         Total |   3396 |   3154 |    242 |    453 |   1619 |   4 |  849.0 |
       Dungeon |   3396 |   3154 |    242 |    453 |   1619 |   4 |  849.0 |
               +--------+--------+--------+--------+--------+-----+--------+

Top non-repeatable levels by time:
     D:1: 1220 daAuts
     D:2: 982 daAuts
     D:3: 654 daAuts
     D:4: 539 daAuts
